 Dungeon Crawl Stone Soup version 0.19-a0-1218-gcd7aee6 (webtiles) character file.

118 MrRokkomies the Bolt Thrower (level 5, -3/30 HPs)
             Began as a Kobold Hunter on Aug 24, 2016.
             Was a Believer of Qazlal.
             Slain by a hound (4 damage)
             ... on level 3 of the Dungeon.
             The game lasted 00:06:55 (3069 turns).

MrRokkomies the Bolt Thrower (Kobold Hunter)        Turns: 3069, Time: 00:06:56

Health: -3/30      AC:  6    Str: 10    XL:     5   Next: 23%
Magic:  5/5        EV: 11    Int:  9    God:    Qazlal [**....]
Gold:   108        SH:  2    Dex: 18    Spells: 0 memorised, 4 levels left

rFire  . . .     SeeInvis .     b - +0 falchion
rCold  . . .     Gourm    .     n - +0 scale mail
rNeg   . . .     Faith    .     (shield restricted)
rPois  .         Spirit   .     (no helmet)
rElec  .         Dismiss  .     (no cloak)
rCorr  .         Reflect  .     (no gloves)
MR     .....     Harm     .     (no boots)
Stlth  +.........               m - amulet of magic regeneration
                                (no ring)
                                (no ring)

@: no status effects
A: carnivore 3
a: Upheaval, Renounce Religion


You were on level 3 of the Dungeon.
You worshipped Qazlal.
Qazlal was pleased with you.
You were not hungry.

You visited 1 branch of the dungeon, and saw 3 of its levels.

You collected 108 gold pieces.

Inventory:

Hand Weapons
 a - a +1 hand crossbow
 b - a +0 falchion (weapon)
Missiles
 d - 18 bolts
Armour
 n - a +0 scale mail (worn)
Jewellery
 m - an amulet of magic regeneration (around neck)
Potions
 c - a potion of flight
 e - 3 potions of curing
 g - 2 potions of might
 k - a potion of resistance
 l - a potion of cure mutation
 o - a potion of heal wounds
Comestibles
 f - 2 meat rations
 j - 2 beef jerkies


   Skills:
 - Level 2.1 Fighting
   Level 3.2(3.6) Short Blades
 * Level 1.2(1.8) Long Blades
 * Level 6.2 Crossbows
 - Level 2.4 Dodging
 - Level 1.3 Stealth


You had 4 spell levels left.
You didn't know any spells.

Dungeon Overview and Level Annotations

Branches:
Dungeon (3/15)

Altars:
Qazlal


Innate Abilities, Weirdness & Mutations

You are small and have problems with some larger weapons.
You are carnivorous and can eat meat at any time.


Message History

The hound is heavily wounded.
You barely miss the hound.
The hound is heavily wounded.
The hound stops to sniff the ground.
The hound barely misses you.
Your scale mail prevents you from hitting the hound.
The hound is heavily wounded.
The hound bites you.
* * * LOW HITPOINT WARNING * * *
The hound closely misses you.
You riposte.
You miss the hound.
The hound is heavily wounded.
You miss the hound.
The hound is heavily wounded.
The hound closely misses you.
You riposte.
You hit the hound.
The hound is severely wounded.
The hound barely misses you.
You closely miss the hound.
The hound is severely wounded.
The hound misses you. The hound bites you.
You die...

#.##### #......#######
#...gh@.# #..####.#
#..####.######
..............#
......####.####.####
#.......####.##......#
####.........##.#.##.#
#.......###.......#
#.......# #..#....#


You could see a hound and a goblin.

Vanquished Creatures
  5 adders
  3 oozes
  A worm (D:2)
  2 dart slugs
  A giant gecko (D:2)
  A ball python (D:2)
  4 giant cockroaches (D:1)
  10 goblins
  4 hobgoblins
  5 jackals (D:2)
  A quokka (D:2)
  6 bats
  2 giant newts (D:2)
  3 kobolds
  6 rats
54 creatures vanquished.

Notes
Turn   | Place    | Note
-------+----------+-------------------------------------------
     0 | D:1      | MrRokkomies the Kobold Hunter began the quest for the Orb.
     0 | D:1      | Reached XP level 1. HP: 12/12 MP: 1/1
    83 | D:1      | Reached skill level 1 in Short Blades
   131 | D:1      | Reached skill level 5 in Crossbows
   167 | D:1      | Reached XP level 2. HP: 9/17 MP: 2/2
   394 | D:1      | Reached XP level 3. HP: 12/21 MP: 3/3
  1188 | D:2      | Found a faded altar of an unknown god.
  1197 | D:2      | Became a worshipper of Qazlal Stormbringer
  1197 | D:2      | Reached * piety under Qazlal
  1481 | D:2      | Reached XP level 4. HP: 11/26 MP: 4/4
  2556 | D:2      | Reached skill level 6 in Crossbows
  2969 | D:2      | Reached XP level 5. HP: 30/30 MP: 5/5
  2997 | D:3      | Reached skill level 1 in Long Blades
  3008 | D:3      | Reached ** piety under Qazlal
  3067 | D:3      | HP: 1/30 [hound (4)]
  3069 | D:3      | Slain by a hound

Vault maps used:
D:1:      minmay_arrival_doors
D:2:      ecumenical_altar_2, kennysheep_generic_room_7
D:3:      uniq_jessica, uniq_sigmund

Skill      XL: |  1  2  3  4  5 |
---------------+----------------+-----
Short Blades   | 1 2 3 |  3.2
Crossbows      | 5 6 |  6.2
Long Blades    | 1 |  1.2
Fighting       | |  2.1
Dodging        | |  2.4
Stealth        | |  1.3

Action                   |  1- 3 |  4- 6 || total
-------------------------+-------+-------++-------
Melee: Short sword       |    80 |    26 ||   106
       Falchion          |       |   138 ||   138
 Fire: Hand crossbow     |    12 |       ||    12
  Use: Scroll            |       |     6 ||     6
       Potion            |       |     1 ||     1
 Stab: Sleeping          |     5 |       ||     5
  Eat: Chunk             |     3 |     8 ||    11
Armor: Leather armour    |    15 |     8 ||    23
       Scale mail        |       |    39 ||    39
Dodge: Dodged            |    84 |    89 ||   173
Block: Other             |       |    15 ||    15
